 Dungeon Crawl Stone Soup version 0.23-a0-650-ga4d50d4 (webtiles) character file.

141 Lanoc the Cudgeler (level 5, -5/53 HPs)
             Began as a Troll Berserker on Jan 6, 2019.
             Was a Priest of Trog.
             Killed by divine providence
             ... invoked by an orc priest
              (12 damage)
             ... on level 3 of the Dungeon.
             The game lasted 00:04:26 (1599 turns).

Lanoc the Cudgeler (Troll Berserker)                Turns: 1599, Time: 00:04:26

Health: -5/53      AC:  5    Str: 26    XL:     5   Next: 3%
Magic:  4/4        EV: 10    Int:  3    God:    Trog [***...]
Gold:   72         SH:  4    Dex:  9    Spells: 4/4 levels left

rFire    . . .     SeeInvis .   a - +0 mace
rCold    . . .     Gourm    +   (no shield)
rNeg     . . .     Faith    .   b - +0 animal skin
rPois    .         Spirit   .   (helmet restricted)
rElec    .         Reflect  +   (no cloak)
rCorr    .         Harm     .   (gloves unavailable)
MR       .....                  (boots unavailable)
Stlth    +.........             i - +4 amulet of reflection
HPRegen  0.57/turn              (no ring)
MPRegen  0.09/turn              (no ring)

@: berserk cooldown, slowed, very slow
A: large, unfitting armour, claws 3, fast metabolism 3, gourmand, regeneration
1, shaggy fur 1, tough skin 2
a: Berserk, Trog's Hand, Renounce Religion


You were on level 3 of the Dungeon.
You worshipped Trog.
Trog was most pleased with you.
You were very full.

You visited 1 branch of the dungeon, and saw 3 of its levels.

You collected 72 gold pieces.

Inventory:

Hand Weapons
 a - a +0 mace (weapon)
Armour
 b - a +0 animal skin (worn)
Jewellery
 i - a +4 amulet of reflection (around neck)
Scrolls
 e - a scroll of fear {unknown}
 f - 4 scrolls of remove curse {unknown}
 j - 2 scrolls of identify {unknown}
 k - a scroll of magic mapping {unknown}
 m - a scroll of teleportation {unknown}
 o - a scroll of blinking {unknown}
Potions
 d - a potion of cancellation {unknown}
 h - 2 potions of lignification {unknown}
 l - a potion of might {unknown}
 n - a potion of berserk rage {unknown}
Comestibles
 c - 5 rations
 g - 13 chunks of flesh


   Skills:
 + Level 3.1 Fighting
 * Level 4.2 Maces & Flails
 + Level 3.1 Dodging


You had 4 spell levels left.
You didn't know any spells.
Your spell library was empty.

Dungeon Overview and Level Annotations

Branches:
Dungeon (3/15)

Altars:
Ashenzari


Innate Abilities, Weirdness & Mutations

You are too large for most types of armour.
You have claws for hands.
Your metabolism is lightning-fast.
You like to eat raw meat.
Your natural rate of healing is unusually fast.
You are covered in fur. (AC +1)
You have very tough skin. (AC +2)


Message History

The orc priest hits you but does no damage.
You sock the orc priest!
The orc priest is heavily wounded.
The orc priest hits you.
* * * LOW HITPOINT WARNING * * *
The orc priest barely misses you.
Some of the chunks of flesh in your inventory have rotted away.
You barely miss the orc priest.
The orc priest is heavily wounded.
The orc priest hits you but does no damage.
The orc priest closely misses you.
You hit the orc priest.
The orc priest is almost dead.
The orc priest mumbles some strange prayers to Beogh against you.
You barely resist.
You hit the orc priest but do no damage.
The orc priest is almost dead.
The orc priest invokes the aid of Beogh against you.
Beogh smites you!
You die...

#. .######...
...............
...............
.............
#.........#
#.........###
#..?.....o@.#
#.........###
#....<....#
#........##
#######+##


You could see an orc priest.

Vanquished Creatures
  An orc wizard (D:3)
  Robin (D:2)
  An adder (D:2)
  An ooze (D:2)
  A worm (D:2)
  2 leopard geckos (D:1)
  3 orcs (D:3)
  A ball python (D:2)
  6 giant cockroaches
  21 goblins
  7 hobgoblins
  4 jackals (D:2)
  2 quokkas (D:2)
  7 bats
  4 frilled lizards
  5 kobolds
  10 rats
77 creatures vanquished.

Notes
Turn   | Place    | Note
-------+----------+-------------------------------------------
     0 | D:1      | Lanoc the Troll Berserker began the quest for the Orb.
     0 | D:1      | Reached XP level 1. HP: 22/22 MP: 0/0
   209 | D:1      | Reached skill level 3 in Maces & Flails
   247 | D:1      | Reached XP level 2. HP: 29/29 MP: 1/1
   709 | D:1      | Reached ** piety under Trog
   711 | D:1      | Reached XP level 3. HP: 26/36 MP: 2/2
   970 | D:2      | Found a shattered altar of Ashenzari.
  1151 | D:2      | Reached XP level 4. HP: 43/44 MP: 3/3
  1380 | D:2      | Noticed Robin
  1432 | D:2      | Killed Robin
  1465 | D:2      | Reached skill level 4 in Maces & Flails
  1495 | D:2      | Reached *** piety under Trog
  1591 | D:3      | Reached XP level 5. HP: 13/53 MP: 4/4
  1599 | D:3      | Killed from afar by an orc priest

Vault maps used:
D:1:      dpeg_arrival_circle_labyrinth_c, kennysheep_small_spiral
D:2:      evilmike_ruin_ashenzari, uniq_robin
D:3:      grunt_temple_overflow_opulence, bloody_trog,
          overflow_temple_1_default, first_ration, gup_sewer_entry_bubbles

Skill      XL: |  1  2  3  4 |
---------------+-------------+-----
Maces & Flails | 3 4 |  4.2
Fighting       | 3 |  3.1
Dodging        | 3 |  3.1

Action                   |  1- 3 |  4- 6 || total
-------------------------+-------+-------++-------
Melee: Mace              |   186 |    84 ||   270
Invok: Berserk           |     3 |     3 ||     6
 Stab: Sleeping          |     1 |       ||     1
  Eat: Chunk             |    19 |     6 ||    25
Armor: Animal skin       |    91 |    45 ||   136
Dodge: Dodged            |   133 |    59 ||   192
Block: Other             |       |    25 ||    25
       Reflection        |       |     1 ||     1

Table legend:
 A = Non-vault XP
 B = Vault XP
 C = Vault XP percentage of total XP
 D = Non-vault monster count
 E = Vault monster count
 F = Vault count percentage of total count
                 A         B        C        D         E       F
            +---------+---------+-------+---------+---------+-------
      Total |     167 |      35 |  17.3 |      66 |      11 |  14.3
            +---------+---------+-------+---------+---------+-------
        D:1 |      49 |       0 |   0.0 |      30 |       0 |   0.0
        D:2 |      73 |      35 |  32.4 |      31 |      11 |  26.2
        D:3 |      45 |       0 |   0.0 |       5 |       0 |   0.0
            +---------+---------+-------+---------+---------+-------
